 Dungeon Crawl Stone Soup version 0.28-b1-25-g9875b3fc8c (webtiles) character file.

Game seed: 13841087227252680085

22 sanka the Sneak (level 2, -1/16 HPs)
             Began as a Tengu Enchanter on Feb 5, 2022.
             Slain by a worm (6 damage)
             ... on level 2 of the Dungeon.
             The game lasted 00:00:58 (1564 turns).

sanka the Sneak (Tengu Enchanter)                   Turns: 1564, Time: 00:00:59

Health: -1/16      AC:  2    Str:  8    XL:     2   Next: 91%
Magic:  6/6        EV: 13    Int: 15    God:
Gold:   32         SH:  0    Dex: 14    Spells: 5/5 levels left

rFire   . . .      SeeInvis .   h - +0 short sword (drain)
rCold   . . .      Faith    .   (no shield)
rNeg    . . .      Spirit   .   b - +0 robe
rPois   .          Reflect  .   (helmet restricted)
rElec   .          Harm     .   (no cloak)
rCorr   .          Rampage  .   (no gloves)
Will    .....                   (boots unavailable)
Stlth   ++........              (no amulet)
HPRegen 0.05/turn               (no ring)
MPRegen 0.10/turn               (no ring)

@: no status effects
A: beak, talons 3
a: no special abilities


You were on level 2 of the Dungeon.
You visited 1 branch of the dungeon, and saw 2 of its levels.

You collected 32 gold pieces.

Inventory:

Hand Weapons
 a - a +1 dagger
 h - a +0 short sword of draining (weapon)
Armour
 b - a +0 robe (worn)
Jewellery
 f - a +4 ring of evasion
Scrolls
 g - 3 scrolls of teleportation {unknown}
Potions
 c - a potion of invisibility
 d - a potion of curing {unknown}
 e - a potion of haste {unknown}


   Skills:
 + Level 1.6 Fighting
 - Level 1.1 Short Blades
 + Level 3.0 Dodging
 - Level 3.0 Stealth
 - Level 2.0 Spellcasting
 - Level 2.1 Hexes


You had 5 spell levels left.
You didn't know any spells.
Your spell library contained the following spells:

 Spells                   Type           Power      Damage    Failure   Level
 Sandblast                Erth           2%         2d4       22%         1
 Ensorcelled Hibernation  Hex/Ice        8%         N/A       22%         2
 Confusing Touch          Hex            8%         N/A       26%         3
 Tukima's Dance           Hex            8%         N/A       26%         3
 Passwall                 Tmut/Erth      0%         N/A       32%         2
 Dazzling Flash           Conj/Hex       8%         N/A       38%         3
 Stone Arrow              Conj/Erth      2%         3d7       54%         3


Dungeon Overview and Level Annotations

Branches:
Dungeon (2/15)

Altars:


Innate Abilities, Weirdness & Mutations

You have a beak for a mouth.
You have claws for feet.


Message History

HP restored.
Things that are here:
a +0 short sword; 4 stones; a kobold corpse
Found a short sword.
Done exploring.
Done exploring.
Done exploring.
Done exploring.
Search for what [? for help]? .
You see here a +0 short sword of draining.
h - a +0 short sword of draining You sense an unholy aura.
h - a +0 short sword of draining (weapon)
Done exploring.
There is a stone staircase leading down here.
You climb downwards.
There is a stone staircase leading up here.
Unknown command.
The helpless endoplasm fails to defend itself.
You puncture the endoplasm!
You kill the endoplasm!
No target in view!
A worm comes into view.
A worm is nearby!
A worm is nearby!
You barely miss the worm. You claw the worm!
The worm is moderately wounded.
The worm bites you!
Ouch! That really hurt!
You are too injured to fight recklessly!
You are too injured to fight recklessly!
You are too injured to fight recklessly!
You are too injured to fight recklessly!
You are too injured to fight recklessly!
You hit the worm. You drain the worm.
The worm is severely wounded.
You hit the worm but do no damage.
The worm is severely wounded.
The worm bites you.
You die...

# #########.#
#.........# #
#.#.......#
#.##....@....#
#........w......
#.##.<.........#
# #.#.###.#....
....... ......
#.##.#.###.#####
# #.#.# # ..#.#
## .#


You could see a worm (drained).

Vanquished Creatures
  3 endoplasms
  A hobgoblin (D:1)
  2 quokkas (D:1)
  3 ball pythons (D:1)
  3 bats (D:1)
  A frilled lizard (D:1)
  2 goblins (D:1)
  4 kobolds (D:1)
  3 rats (D:1)
22 creatures vanquished.

Notes
Turn   | Place    | Note
-------+----------+-------------------------------------------
     0 | D:1      | sanka the Tengu Enchanter began the quest for the Orb.
     0 | D:1      | Reached XP level 1. HP: 10/10 MP: 4/4
   514 | D:1      | Reached skill level 1 in Fighting
   514 | D:1      | Reached XP level 2. HP: 1/16 MP: 6/6
  1312 | D:1      | Found a faded altar of an unknown god.
  1564 | D:2      | Slain by a worm

Illustrated notes

Levels and vault maps discovered:
D:1:      tarquinn_simple_flora_water_a, layout_basic,
          shapermc_ecumenical_altar_pompeii
D:2:      layout_basic, basic_altar, hangedman_decor_points, uniq_sigmund

Skill      XL: |  1  2 |
---------------+-------+-----
Fighting       | 1 |  1.6
Dodging        | 3 |  3.0
Short Blades   | |  1.1
Stealth        | |  3.0
Spellcasting   | |  2.0
Hexes          | |  2.1

Action                   || total
-------------------------++-------
Melee: Dagger            ||    66
       Kick              ||    11
       Peck              ||     7
       Short sword       ||     4
 Stab: Sleeping          ||     4
Armor: Robe              ||    13
Dodge: Dodged            ||    37
